 Dungeon Crawl Stone Soup version 0.27.1 (webtiles) character file.

Game seed: 8462984079541065826

56 JoeMomma the Skirmisher (level 3, -4/30 HPs)
             Began as a Demonspawn Fighter on Aug 26, 2021.
             Slain by a worm (8 damage)
             ... on level 2 of the Dungeon.
             The game lasted 00:04:35 (1360 turns).

JoeMomma the Skirmisher (Demonspawn Fighter)        Turns: 1360, Time: 00:04:36

Health: -4/30      AC:  6    Str: 17    XL:     3   Next: 71%
Magic:  3/3        EV:  6    Int:  9    God:
Gold:   40         SH:  8    Dex: 12    Spells: 2/2 levels left

rFire    . . .     SeeInvis .   a - +0 long sword
rCold    . . .     Faith    .   c - +0 kite shield
rNeg     . . .     Spirit   .   b - +0 scale mail
rPois    .         Reflect  .   (no helmet)
rElec    .         Harm     .   (no cloak)
rCorr    .         Rampage  .   (no gloves)
Will     .....                  (no boots)
Stlth    ..........             (no amulet)
HPRegen  0.10/turn              (no ring)
MPRegen  0.08/turn              (no ring)

@: no status effects
A: ignite blood 1
a: no special abilities


You were on level 2 of the Dungeon.
You visited 1 branch of the dungeon, and saw 2 of its levels.

You collected 40 gold pieces.

Inventory:

Hand Weapons
 a - a +0 long sword (weapon)
Armour
 b - a +0 scale mail (worn)
 c - a +0 kite shield (worn)
Wands
 i - a wand of iceblast (6)
Scrolls
 e - 2 scrolls of identify {unknown}
 f - a scroll of enchant armour {unknown}
 h - a scroll of magic mapping {unknown}
Potions
 d - a potion of might
 g - 2 potions of flight {unknown}


   Skills:
 + Level 3.9 Fighting
 + Level 2.9 Long Blades
 - Level 2.6 Armour
 - Level 2.6 Shields


You had 2 spell levels left.
You didn't know any spells.
Your spell library was empty.

Dungeon Overview and Level Annotations

Branches:
Dungeon (2/15)

Altars:

Shops:
D:1 [


Innate Abilities, Weirdness & Mutations

Your demonic aura sometimes causes spilled blood to erupt in flames.


Message History

a +0 club; a goblin corpse You now have 40 gold pieces (gained 7).
Found a whip.
Found a stone staircase leading down.
Found 7 stones.
A worm comes into view.
A worm is nearby!
Found a stone staircase leading down.
You barely miss the worm. You block the worm's attack.
You barely miss the worm. The worm bites you but does no damage.
You barely miss the worm. The worm bites you.
You hit the worm.
The worm is moderately wounded.
The worm bites you!
You barely miss the worm.
The worm is lightly wounded.
The worm barely misses you.
You riposte.
You hit the worm but do no damage.
The worm is lightly wounded.
Your shield and scale mail prevent you from hitting the worm.
The worm is lightly wounded.
The worm closely misses you.
Your shield prevents you from hitting the worm.
The worm is lightly wounded.
The worm bites you.
You hit the worm.
The worm is lightly wounded.
The worm bites you.
Your scale mail prevents you from hitting the worm.
The worm is lightly wounded.
You hit the worm.
The worm is moderately wounded.
The worm barely misses you.
You slash the worm!
The worm is severely wounded.
The worm bites you!
* * * LOW HITPOINT WARNING * * *
You hit the worm.
The worm is severely wounded.
The worm bites you!
You die...

#######
############......
#.................
#.#....#####......
#######.#(##.#####......
..>...w@................
......#.#.##.#####......
......+.#.##.# #.#####
..... ###.##.# #.#####
..... ...... ... ...
.... ##.###.. .... ...
#.. ... #.. ... #..


You could see a worm.

Vanquished Creatures
  2 adders (D:2)
  A gnoll (D:1)
  A dart slug (D:1)
  A bat (D:1)
  2 endoplasms (D:2)
  A giant cockroach (D:2)
  3 goblins
  2 hobgoblins
  2 jackals (D:1)
  4 ball pythons
  2 frilled lizards
  3 kobolds
  3 rats
27 creatures vanquished.

Vanquished Creatures (others)
  2 fungi (D:1)
  5 plants (D:1)
7 creatures vanquished.

Grand Total: 34 creatures vanquished

Notes
Turn   | Place    | Note
-------+----------+-------------------------------------------
     0 | D:1      | JoeMomma the Demonspawn Fighter began the quest for the
                  | Orb.
     0 | D:1      | Reached XP level 1. HP: 18/18 MP: 1/1
   192 | D:1      | Gained mutation: Your demonic aura sometimes causes spilled
                  | blood to erupt in flames. [demonic ancestry]
   192 | D:1      | Reached XP level 2. HP: 16/24 MP: 2/2
   327 | D:1      | Found a faded altar of an unknown god.
   605 | D:1      | Found Heocum's Armour Shoppe.
   847 | D:2      | Reached XP level 3. HP: 29/29 MP: 3/3
  1360 | D:2      | Slain by a worm

Illustrated notes

Levels and vault maps discovered:
D:1:      heliophobic_arrival_enchanted_forest, layout_loops_ring, serial_shops,
          shop, shapermc_ecumenical_altar_mp_urbaneastern
D:2:      layout_basic

Skill      XL: |  1 |
---------------+----+-----
Long Blades    | 2 |  2.9
Fighting       | |  3.9
Armour         | |  2.6
Shields        | |  2.6

Action                   || total
-------------------------++-------
Melee: Long sword        ||    89
Armor: Scale mail        ||    47
Dodge: Dodged            ||    25
Block: Kite shield       ||    33
       Rpst.: Long sword ||     8
